 Dungeon Crawl Stone Soup version 0.30-a0-996-ga6910c8ee8 (webtiles) character file.

Game seed: 16239343521201500893

133 xian the Covert (level 4, -1/21 HPs)
             Began as a Felid Delver on Apr 4, 2023.
             Was a Believer of Fedhas.
             Slain by a jackal (2 damage)
             ... on level 4 of the Dungeon.
             The game lasted 00:09:29 (3347 turns).

xian the Covert (Felid Delver)                      Turns: 3347, Time: 00:09:30

Health: -1/21      AC:  1    Str: 10    XL:     4   Next: 93%
Magic:  5/5        EV: 18    Int: 12    God:    Fedhas [**....]
Gold:   217        SH:  0    Dex: 17    Spells: 1/3 levels left
                                        Lives:  0   Deaths: 1

rFire   . . .      SeeInvis +      - Unarmed
rCold   . . .      Faith    .    (shield unavailable)
rNeg    . . .      Spirit   .    (body armour unavailable)
rPois   .          Reflect  .    (helmet unavailable)
rElec   .          Rampage  .    (cloak unavailable)
rCorr   .                        (gloves unavailable)
Will    .....                    (boots unavailable)
Stlth   ++++                     (no amulet)
HPRegen 0.23/turn                (no ring)
MPRegen 0.09/turn                (no ring)

@: quick
A: very small, claws 1, fangs 3, see invisible, speed 1, shaggy fur 1, stealthy
paws, no weapons or thrown items, no armour, multi-lived
a: Renounce Religion, Wall of Briars


You were on level 4 of the Dungeon.
You worshipped Fedhas.
Fedhas was pleased with you.
You visited 1 branch of the dungeon, and saw 5 of its levels.

You collected 217 gold pieces.

Inventory:

Jewellery
 s - a ring of resist corrosion
Wands
 e - a wand of digging (3)
 f - a wand of flame (10)
 g - a wand of acid (2)
Scrolls
 a - a scroll of fog
 b - a scroll of magic mapping
 c - a scroll of fear
 h - 4 scrolls of identify {unknown}
 j - a scroll of vulnerability {unknown}
 k - 3 scrolls of enchant armour {unknown}
 l - a scroll of brand weapon {unknown}
 m - 9 scrolls of teleportation {unknown}
 n - 2 scrolls of poison {unknown}
 p - 2 scrolls of immolation {unknown}
 u - 2 scrolls of noise {unknown}
 v - a scroll of amnesia {unknown}
Potions
 i - 8 potions of curing {unknown}
 o - 2 potions of degeneration {unknown}
 q - 2 potions of lignification {unknown}
 r - a potion of heal wounds {unknown}
 t - 4 potions of mutation {unknown}
 w - 2 potions of flight {unknown}
 x - 3 potions of berserk rage {unknown}


   Skills:
 + Level 3.4 Fighting
 + Level 3.4 Dodging
 + Level 8.7 Stealth
 + Level 3.5 Unarmed Combat
 * Level 1.5 Hexes
 * Level 1.0 Ice Magic
 + Level 0.3 Evocations


You had one spell level left.
You knew the following spells:

 Your Spells              Type           Power      Damage    Failure   Level
a - Ensorcelled Hibernat  Hex/Ice        6%         N/A       30%         2

Your spell library contained the following spells:

 Spells                   Type           Power      Damage    Failure   Level
 Shock                    Conj/Air       0%         1d3       32%         1
 Passwall                 Tmut/Erth      0%         N/A       45%         2
 Swiftness                Air            0%         N/A       69%         3
 Airstrike                Air            0%         2d(0-16)  97%         4


Dungeon Overview and Level Annotations

Branches:
Dungeon (5/15)
 Temple: D:4-7

Altars:
Fedhas
Gozag
Qazlal

Annotations:
D:3 3 runed translucent doors, Newt's ghost, amateur DsGl


Innate Abilities, Weirdness & Mutations

You have sharp claws.
You have razor-sharp teeth.
You have supernaturally acute eyesight. (SInv)
You cover ground quickly. (Speed+)
You are covered in fur. (AC +1)
Your paws help you pounce on unaware monsters.
You are incapable of wielding weapons or throwing items.
You cannot wear armour.
You gain extra lives every three experience levels.


Message History

The jackal is severely wounded.
The jackal bites you. x2; The jackal closely misses you.
You closely miss the jackal.
The jackal is severely wounded.
The jackal barely misses you.
The jackal bites you but does no damage.
The adder closely misses you. The jackal bites you.
The jackal closely misses you. x2
You scratch the jackal.
You kill the jackal!
Fedhas appreciates your contribution to the ecosystem.
The adder barely misses you. The jackal closely misses you. x2
The adder closely misses you.
You scratch the jackal.
You kill the jackal!
Fedhas appreciates your contribution to the ecosystem.
The jackal bites you. The adder closely misses you.
Found a scroll labelled SODDAG RA QOLI.
The jackal misses you. The adder closely misses you.
You barely miss the adder. The jackal barely misses you.
The adder closely misses you. The jackal barely misses you.
You completely miss the adder. The adder bites you. The jackal bites you.
You scratch the adder. Your bite misses the adder.
The adder is moderately wounded.
The adder bites you.
* * * LOW HITPOINT WARNING * * *
The jackal closely misses you.
You barely miss the adder. You claw the adder.
The adder is moderately wounded.
The adder completely misses you. The jackal bites you.
* * * LOW HITPOINT WARNING * * *
The adder misses you. The jackal misses you.
You closely miss the adder. Your bite misses the adder.
The adder is moderately wounded.
The adder closely misses you. The jackal misses you.
You closely miss the adder. Your bite misses the adder.
The adder is moderately wounded.
The jackal bites you.
You die...
Fedhas appreciates your contribution to the ecosystem.

#. #...# .###..
#.##...# ......
#......#####....
#..............
#...###......## #
#...###......# ?# .
#...##.......##.##...
#...#>.......S.......
#
#...#.....##.@.......
#
#...#.....##.h.......
#...#.....##.........
#...#.######......##.
#### #...#. #....$.#
#... #####. #......#
#... +........ #...
#........ #...
#####...


You could see an adder and a jackal.

Vanquished Creatures
  A howler monkey (D:4)
  An iguana (D:5)
  Natasha (twice) (D:3)
  A sleepcap (D:3)
  An adder (D:3)
  A gnoll (D:1)
  2 worms (D:3)
  5 dart slugs
  7 bats
  11 endoplasms
  2 giant cockroaches
  7 goblins
  3 hobgoblins
  10 jackals
  6 kobolds
  5 quokkas
  4 ball pythons
  A frilled lizard (D:2)
  4 rats
74 creatures vanquished.

Vanquished Creatures (others)
  A bat (D:3)
1 creature vanquished.

Grand Total: 75 creatures vanquished

Notes
Turn   | Place    | Note
-------+----------+-------------------------------------------
     0 | D:5      | xian the Felid Delver began the quest for the Orb.
     0 | D:5      | Reached XP level 1. HP: 10/10 MP: 2/2
    78 | D:5      | Noticed an iguana
    84 | D:5      | Killed an iguana
    85 | D:5      | Reached skill level 7 in Stealth
    85 | D:5      | Reached XP level 2. HP: 3/14 MP: 3/3
   157 | D:4      | Reached XP level 3. HP: 6/17 MP: 4/4
   435 | D:3      | Found a blossoming altar of Fedhas.
   443 | D:3      | Became a worshipper of Fedhas Madash
   472 | D:3      | Reached skill level 8 in Stealth
   483 | D:3      | Reached XP level 4. HP: 21/21 MP: 5/5
   526 | D:3      | Found a runed translucent gate.
   527 | D:3      | Found a runed translucent gate.
   528 | D:3      | Found a runed translucent gate.
   530 | D:3      | Found an opulent altar of Gozag.
   531 | D:3      | Noticed Newt's ghost (amateur DsGl)
   778 | D:3      | Found a stormy altar of Qazlal.
  1077 | D:2      | Reached * piety under Fedhas
  1760 | D:1      | Learned a level 2 spell: Ensorcelled Hibernation
  1791 | D:1      | Found a faded altar of an unknown god.
  2151 | D:1      | Reached ** piety under Fedhas
  2152 | D:1      | Reached XP level 5. HP: 24/24 MP: 6/6
  2664 | D:3      | Noticed Natasha
  2672 | D:3      | Killed Natasha
  2881 | D:3      | Noticed Natasha
  3006 | D:3      | Killed Natasha
  3007 | D:3      | Reached skill level 1 in Hexes
  3215 | D:4      | Reached skill level 1 in Ice Magic
  3273 | D:4      | Noticed a phantom
  3307 | D:4      | HP: 1/24 [hound (2)]
  3309 | D:4      | Slain by a hound
  3310 | D:4      | Reached XP level 4. HP: -1/21 MP: 5/5
  3345 | D:4      | HP: 1/21 [jackal (3)]
  3347 | D:4      | Slain by a jackal

Illustrated notes

Levels and vault maps discovered:
D:1:      amcnicky_arrival_abandoned_market, layout_loops_ring,
          ebering_ecumenical_altar_webs, serial_glass, glass_columns_a,
          glass_columns_b, glass_columns_b, glass_columns_b, glass_columns_b,
          glass_columns_b, glass_columns_a, glass_columns_b, minmay_octomino_c4
D:2:      wander_river, layout_loops_ring, chequers_serial_rivers_micro_e
D:3:      layout_loops_ring, mainiacjoe_overflow_six_doors_small,
          fedhas_altar_2, ebering_ghost_gozag, kennysheep_cluttered_room,
          uniq_natasha
D:4:      layout_basic, zin_academy, nzn_wu_jian_council_hall, uniq_ijyb
D:5:      layout_rooms, nicolae_grassy_gnolls, uniq_blork_the_orc

Skill      XL: |  1  2  3  4  5 |
---------------+----------------+-----
Stealth        | 7 8 |  8.7
Dodging        | 3 |  3.4
Unarmed Combat | 3 |  3.5
Hexes          | 1 |  1.5
Ice Magic      | 1 |  1.0
Fighting       | |  3.4
Evocations     | |  0.3

Action                     |  1- 3 |  4- 6 || total
---------------------------+-------+-------++-------
  Melee: Unarmed           |    21 |   164 ||   185
         Bite              |     3 |    13 ||    16
         Punch             |       |     3 ||     3
  Evoke: Wand              |     1 |       ||     1
    Use: Potion            |       |     1 ||     1
   Stab: Sleeping          |     3 |    25 ||    28
 Armour: Skin              |       |    12 ||    12
  Dodge: Dodged            |    13 |   148 ||   161

Table legend: (Time is in decaauts)
 A = Elapsed time spent in this place.
 B = Non-inter-level travel time spent in this place.
 C = Inter-level travel time spent in this place.
 D = Time resting spent in this place.
 E = Time spent auto-exploring this place.
 F = Levels seen in this place.
 G = Mean time per level.
                   A        B        C        D        E       F      G
               +--------+--------+--------+--------+--------+-----+--------+
         Total |   2815 |   2591 |    224 |      0 |   1744 |   5 |  563.0 |
       Dungeon |   2815 |   2591 |    224 |      0 |   1744 |   5 |  563.0 |
               +--------+--------+--------+--------+--------+-----+--------+

Top non-repeatable levels by time:
     D:3: 1073 daAuts
     D:1: 736 daAuts
     D:2: 557 daAuts
     D:4: 304 daAuts
     D:5: 144 daAuts
